 Dungeon Crawl Stone Soup version 0.16-a0-110-ge8ded92 (webtiles) character file.

114 Chiseanne the Covert (level 4, -1/22 HPs)
             Began as a Spriggan Assassin on Aug 10, 2014.
             Slain by an adder (3 damage)
             ... on Level 3 of the Dungeon.
             The game lasted 00:08:47 (2819 turns).

Chiseanne the Covert (Spriggan Assassin)            Turns: 2819, Time: 00:08:47

HP  -1/22        AC  3     Str  7      XL: 4   Next: 67%
MP   8/8         EV 18     Int 12      God:
Gold 148         SH  0     Dex 18      Spells:  0 memorised,  3 levels left

rFire  . . .     SeeInvis +     a - +3 dagger (drain)
rCold  . . .     Clarity  .     c - +0 robe
rNeg   . . .     rCorr    .     (shield restricted)
rPois  .         rRot     .     (helmet restricted)
rElec  .         Spirit   .     d - +0 cloak
SustAb .         Warding  .     (gloves unavailable)
rMut   .         Stasis   .     (boots unavailable)
Gourm  .                        (no amulet)
MR     .....                    (no ring)
                                (no ring)

@: lethally poisoned, hasted, drained, very quick, not resistant to hostile
enchantments, stealthy
A: unfitting armour, see invisible, herbivore 3, speed 3, slow metabolism 2
a: no special abilities


You were on level 3 of the Dungeon.
You were not hungry.

You visited 1 branch of the dungeon, and saw 3 of its levels.

You collected 148 gold pieces.

Inventory:

Hand weapons
 a - a +3 dagger of draining (weapon)
 w - a +0 blowgun
Missiles
 e - 26 poisoned needles
Armour
 c - a +0 robe (worn)
 d - a +0 cloak (worn)
Magical devices
 s - a wand of polymorph (4)
Comestibles
 o - 2 bread rations
Scrolls
 b - 2 scrolls of identify {unknown}
 h - a scroll of remove curse {unknown}
 i - 3 scrolls of teleportation {unknown}
 k - 4 scrolls of enchant weapon {unknown}
 l - a scroll of noise {unknown}
Potions
 g - a potion of porridge
 m - a potion of curing {unknown}
 n - a potion of beneficial mutation {unknown}
 p - a potion of resistance {unknown}
 q - a potion of mutation {unknown}
Books
 r - a book of Maledictions

   Spells                             Type                      Level
   Corona                             Hexes                        1
   Sure Blade                         Hexes/Charms                 2
   Ensorcelled Hibernation            Hexes/Ice                    2
   Confuse                            Hexes                        3
   Dazzling Spray                     Conjuration/Hexes            3
   Enslavement                        Hexes                        4


   Skills:
 - Level 1.5(1.2) Fighting
 * Level 2.7(2.4) Short Blades
 - Level 2.1(1.8) Throwing
 * Level 3.1(2.7) Dodging
 * Level 8.4(8.0) Stealth


You had 3 spell levels left.
You didn't know any spells.

Dungeon Overview and Level Annotations

Branches:
Dungeon (3/15)

Altars:
Fedhas

Annotations:
D:3 Crazy Yiuf


Innate Abilities, Weirdness & Mutations

You are tiny and cannot use many weapons and most armour.
You have supernaturally acute eyesight.
You are a herbivore.
You cover ground extremely quickly.
You need consume almost no food.


Message History

The stone closely misses you. The adder barely misses you.
A rat comes into view.
You barely miss the adder. The adder misses you.
The goblin shoots a stone.
The stone misses you.
You barely miss the adder.
You feel sick. The adder bites you but does no damage.
You hit the adder.
The adder is lightly wounded.
The adder bites you.
The goblin shoots a stone.
The stone hits you.
* * * LOW HITPOINT WARNING * * *
You closely miss the adder.
The adder is lightly wounded.
The adder bites you but does no damage.
The goblin shoots a stone.
The stone barely misses you. The adder misses you.
Drink which item? (? for menu, Esc to quit)
You feel yourself speed up.
It was a potion of haste.
* * * LOW HITPOINT WARNING * * *
You feel sick.
The goblin shoots a stone.
The stone misses you. The adder bites you.
You die...

! . #.#.### #.....#
##.....# .r....# #.
##g....# ###
#..##......## ..#
#.....S.....# #g#
#.# #..@.# #.# #.#
##..(# #.# # #.#
###.###.#... #.#
#.##.#####..(..?..#
#%#
#..........)#.###.#
#.# ###..##.##.#..#
#.# #...........#
#.# #..##.##.##.#
#.# #..###.#.# #


You could see an adder, a goblin and a rat.

Vanquished Creatures
  An orc wizard (D:3)
  Ijyb (D:3)
  Jessica (D:3)
  An adder (D:2)
  A giant gecko (D:1)
  An ooze (D:2)
  6 bats
  2 giant cockroaches
  4 goblins (D:1)
  6 hobgoblins
  4 jackals (D:1)
  2 giant newts
  7 kobolds
  A quokka (D:2)
  3 rats
41 creatures vanquished.

Notes
Turn   | Place    | Note
--------------------------------------------------------------
     0 | D:1      | Chiseanne, the Spriggan Assassin, began the quest for the Orb.
     0 | D:1      | Reached XP level 1. HP: 10/10 MP: 2/2
   141 | D:1      | Reached skill level 6 in Stealth
   224 | D:1      | Reached XP level 2. HP: 12/14 MP: 4/4
   939 | D:1      | Reached skill level 7 in Stealth
  1234 | D:2      | Found a blossoming altar of Fedhas.
  1293 | D:2      | Reached XP level 3. HP: 18/18 MP: 6/6
  2159 | D:3      | Reached XP level 4. HP: 22/22 MP: 8/8
  2165 | D:3      | Noticed Jessica
  2181 | D:3      | Killed Jessica
  2181 | D:3      | Reached skill level 8 in Stealth
  2211 | D:3      | Noticed Ijyb
  2223 | D:3      | Killed Ijyb
  2375 | D:3      | Noticed Crazy Yiuf
  2482 | D:3      | HP: 1/22 [Crazy Yiuf/wand of magic darts (7)]
  2819 | D:3      | Slain by an adder

Action                   |  1- 3 |  4- 6 || total
-------------------------+-------+-------++-------
Melee: Dagger            |    90 |    19 ||   109
       Unarmed           |       |     4 ||     4
 Fire: Blowgun           |     1 |     3 ||     4
  Use: Potion            |       |     1 ||     1
 Stab: Sleeping          |    13 |     3 ||    16
